 Dungeon Crawl Stone Soup version 0.20.0-10-g0535bb4 (webtiles) character file.

163343 grindst0ne the Black Belt (level 16, -36/163 HPs)
             Began as a Troll Monk on June 5, 2017.
             Was the Champion of Jiyva.
             Killed from afar by Bai Suzhen (44 damage)
             ... with a torrent of water
             ... on level 3 of the Spider Nest.
             The game lasted 02:23:52 (41192 turns).

grindst0ne the Black Belt (Troll Monk)             Turns: 41192, Time: 02:23:53

Health: -36/163    AC: 11    Str:  7      XL:     16   Next: 98%
Magic:  20/20      EV: 22    Int: 10 (11) God:    Jiyva [******]
Gold:   548        SH: 12    Dex: 38      Spells: 15/15 levels left

rFire    + . .     SeeInvis +     - Unarmed
rCold    + . .     Gourm    +   A - +0 shield
rNeg     . . .     Faith    +   u - +0 steam dragon scales
rPois    +         Spirit   .   (helmet restricted)
rElec    +         Reflect  .   Q - scarf {rC+ rF+}
rCorr    +         Harm     .   (gloves unavailable)
MR       ++...                  (boots unavailable)
Stlth    +++.......             J - amulet of faith
Regen    0.8/turn               I - ring of Toviaf {rElec Int+5 SInv}
MPRegen  0.2/turn               h - ring of Truth {Wiz +Fly rPois Str+2 Dex+3}

@: no status effects
A: unfitting armour, claws 3, horns 1, iridescent scales 1, fast metabolism 3,
gourmand, magic resistance 1, regeneration 1, shaggy fur 1, tough skin 2, wild
magic 1, acidic bite, jelly sensing items
}: 1/15 runes: slimy
a: Request Jelly, Slimify, Cure Bad Mutation, Renounce Religion, Evoke Flight


You were on level 3 of the Spider Nest.
You worshipped Jiyva.
Jiyva was exalted by your worship.
You were not hungry.

You visited 5 branches of the dungeon, and saw 31 of its levels.
You also visited: Labyrinth.

You collected 1981 gold pieces.
You spent 1433 gold pieces at shops.

Inventory:

Hand Weapons
 E - a +2 scimitar of flaming
 H - the +9 sword of Zonguldrok {reap}
   (You found it on level 2 of the Spider Nest)

   If a monster killed with it leaves a corpse in good enough shape, the corpse
   will be animated as a zombie friendly to the killer.
Missiles
 e - 5 large rocks
 C - 21 javelins (quivered)
Armour
 u - +0 steam dragon scales (worn)
 A - a +0 shield (worn)
 Q - a scarf of resistance (worn)
Jewellery
 c - an uncursed ring of see invisible
 h - the ring of Truth (right claw) {Wiz +Fly rPois Str+2 Dex+3}
   (You found it on level 5 of the Pits of Slime)

   [ring of wizardry]

   It improves your spell success rate.
   It affects your strength (+2).
   It affects your dexterity (+3).
   It protects you from poison.
   It lets you fly.
 l - an uncursed ring of ice {unknown}
 n - an uncursed ring of poison resistance
 F - an uncursed amulet of regeneration
 I - the ring of Toviaf (left claw) {rElec Int+5 SInv}
   (You found it on level 10 of the Dungeon)

   [ring of see invisible]

   It affects your intelligence (+5).
   It insulates you from electricity.
   It lets you see invisible.
 J - an amulet of faith (around neck)
 M - an uncursed ring of positive energy
 U - an uncursed ring of protection from fire
Wands
 j - a wand of iceblast (7/15)
 q - a wand of paralysis (13/24)
 v - a wand of acid (0/15)
 z - a wand of flame (5/48)
 B - a wand of flame (20/48)
 G - a wand of clouds (0/9)
 S - a wand of enslavement (16/24)
 V - a wand of paralysis (3/24)
 X - a wand of disintegration (0/24)
Scrolls
 d - 9 scrolls of remove curse
 g - 5 scrolls of fear
 i - 2 scrolls of holy word
 k - 3 scrolls of identify
 o - 2 scrolls of blinking
 p - a scroll of enchant weapon
 s - 6 scrolls of enchant armour
 t - a scroll of silence
 x - 3 scrolls of magic mapping
 y - 6 scrolls of teleportation
Potions
 N - 3 potions of magic
 R - 5 potions of flight
Miscellaneous
 a - a phial of floods (inert)
 T - a lightning rod (inert)
Comestibles
 b - 7 bread rations
 f - 12 royal jellies
 m - 11 fruits
 w - 8 meat rations


   Skills:
 + Level 11.4 Fighting
 - Level 5.2 Armour
 - Level 10.0 Dodging
 - Level 1.0 Stealth
 - Level 7.7 Shields
 - Level 20.4 Unarmed Combat
 - Level 7.1 Evocations


You had 15 spell levels left.
You didn't know any spells.

Dungeon Overview and Level Annotations

Branches:
Dungeon (15/15)            Temple (0/1) D:6            Lair (6/6) D:10
 Shoals (0/4) Lair:4       Spider (3/4) Lair:3        Slime (5/5) Lair:6
    Orc (2/2) D:12            Elf (0/3) Orc:2        Vaults (0/5) D:13
 Depths: D:15

Altars:
Gozag
Nemelex Xobeh
Okawaru
Sif Muna
Trog
Uskayaw
Xom
Yredelemnul
The Shining One
Jiyva

Shops:
D:7 (   D:8 [   D:10 :   D:12 =   Orc:2 (*=*[

Annotations:
D:4 Blork the orc
Spider:3 Bai Suzhen
Slime:5 Royal Jelly


Innate Abilities, Weirdness & Mutations

You are too large for most types of armour.
You have claws for hands.
Your metabolism is lightning-fast.
You like to eat raw meat.
Your natural rate of healing is unusually fast.
You are covered in fur. (AC +1)
You have very tough skin. (AC +2)
You have a pair of small horns on your head.
You are partially covered in iridescent scales. (AC +2)
You are resistant to hostile enchantments. (MR+)
Your spells are a little harder to cast, but a little more powerful.
You have acidic saliva.
You have a small jelly attached to you that senses nearby items.


Message History

Aiming: Throw Flame
Press: ? - help, Shift-Dir - straight line, f/p - Bai Suzhen
Aim: Bai Suzhen (steam, severely wounded, catching her breath)
The puff of flame hits Bai Suzhen.
Bai Suzhen is severely wounded.
This wand has 5 charges left.
You claw Bai Suzhen!
You headbutt Bai Suzhen, but do no damage.
You bite Bai Suzhen, but do no damage.
Bai Suzhen is severely wounded.
You are standing in a thunderstorm.
Bai Suzhen's form shimmers in the rain.
Bai Suzhen bites you!!
* * * LOW HITPOINT WARNING * * *
Bai Suzhen claws you.
* * * LOW HITPOINT WARNING * * *
Bai Suzhen completely misses you. Bai Suzhen breathes water at you.
The torrent of water hits you!
You die...

##.....(##.........##...≈≈.^#§
##....##.......^..#.....#§##.
#..###.^..###..........###..
####^######^##...≈≈≈...^.s..
#..^#.#........≈≈≈.#.....#
#.....##..s..s..s..##.....
##...≈≈≈..§§§≈..#.^##^....
#....≈≈...§D§#§######.....
#....≈...@§§§### ##.....
###......^^#..# #......
#.........#### ###....
#..........# ##......
###..#.....### ##...≈≈..
#.##.......# #....≈..#
####..#....# ###.≈≈.##
#.##^...# #≈≈≈≈.# #####.#^#
#....##


You could see Bai Suzhen, a jumping spider and 2 redbacks.

Vanquished Creatures
  2 ghost moths
  The ghost of herpmino the Severer, a journeyman MiGl of the Shining One (D:14)
  Aizul (Spider:2)
  2 emperor scorpions (Spider:1)
  3 entropy weavers
  Azrael (D:13)
  A minotaur (Lab)
  Josephine (D:13)
  Erolcha (D:13)
  A rakshasa (D:13)
  7 hydras
  3 centaur warriors
  An ogre mage (D:13)
  A catoblepas (Lair:6)
  A deep troll shaman (Lair:6)
  A queen ant (Lair:4)
  6 two-headed ogres
  A tengu warrior (D:15)
  2 orc high priests (Orc:2)
  10 death yaks
  Urug (Lair:4)
  A skeletal warrior (D:13)
  2 unseen horrors
  A wizard (D:11)
  A lindwurm (Lair:6)
  5 orc knights
  5 deep elf magi
  3 orc sorcerers
  20 ugly things
  3 manticores
  29 wolf spiders
  9 orb spiders
  A moth of wrath (Spider:3)
  5 cyclopes
  7 black mambas
  5 elephants
  A black mamba (shapeshifter) (D:10)
  2 torpor snails (Spider:2)
  2 gargoyles
  4 kobold demonologists
  12 spiny frogs
  A rime drake (Lair:6)
  A redback zombie (D:14)
  A freezing wraith (D:13)
  14 komodo dragons
  9 demonic crawlers
  2 tengu conjurers
  8 trolls
  6 meliai
  A polar bear (Lair:6)
  40 jumping spiders
  A queen bee (D:8)
  12 hornets
  23 blink frogs
  A wolf spider simulacrum (D:14)
  4 tyrant leeches (Spider:3)
  12 hippogriffs
  A dream sheep (Lair:2)
  A meliai zombie (D:13)
  19 yaks
  56 redbacks
  27 tarantellas
  5 wraiths
  A vampire (D:13)
  6 wyverns
  3 basilisks
  4 fire elementals (D:13)
  9 hungry ghosts
  A steam dragon (Lair:4)
  An acid dragon (D:12)
  11 water moccasins
  2 wargs (Orc:2)
  3 hell hounds (D:13)
  25 soldier ants
  9 porcupines
  3 phantoms
  5 sky beasts
  4 black bears
  27 orc warriors
  4 ice beasts
  3 necrophages
  11 ogres
  4 wolves (Lair:6)
  A centaur (shapeshifter) (D:13)
  33 centaurs
  14 crocodiles
  5 gnoll sergeants
  17 bullfrogs
  2 big kobolds
  5 earth elementals
  4 scorpions
  2 wyvern skeletons
  21 killer bees
  9 wights
  An electric eel (Spider:2)
  2 howler monkeys
  10 crimson imps
  2 centaur zombies
  8 hounds
  4 bullfrog zombies
  6 jellies
  2 quasits
  9 orc priests
  4 bullfrog skeletons
  6 centaur skeletons
  3 iguanas
  8 orc wizards
  31 worker ants
  A hound skeleton (D:9)
  A worker ant zombie (D:11)
  12 gnolls
  20 adders
  4 shadow imps
  4 adder zombies
  An ooze (D:3)
  2 adder skeletons
  2 worms
  2 dart slugs (D:2)
  10 leopard geckos
  33 orcs
  5 bats
  3 giant cockroaches
  6 goblins
  2 hobgoblins
  12 jackals
  5 kobolds
  7 quokkas
  3 ball pythons
  2 frilled lizards
  A giant cockroach zombie (D:5)
  A jackal skeleton (D:5)
  A leopard gecko skeleton (D:4)
  A quokka skeleton (D:4)
  4 rats
  A fungus (Lair:6)
  2 plants
904 creatures vanquished.

Vanquished Creatures (collateral kills)
  An orc warlord (Orc:2)
  A ghost moth (Spider:2)
  7 orb spiders
  A troll (Orc:2)
  A jumping spider (Spider:1)
  An orc warrior (D:12)
12 creatures vanquished.

Vanquished Creatures (others)
  2 acid blobs (Slime:1)
  A great orb of eyes (Slime:1)
  A hydra (D:13)
  A shining eye (Slime:5)
  A deep elf mage (D:14)
  An ugly thing (D:15)
  23 slime creatures
  A hippogriff (D:9)
  2 tarantellas (Spider:3)
  4 redbacks
  A yak (Lair:6)
  A hungry ghost (D:14)
  An orc warrior (Orc:1)
  A necrophage (D:13)
  3 centaurs
  A crocodile (D:9)
  A big kobold (D:8)
  A wyvern zombie (D:14)
  230 jellies
  3 wights (D:8)
  A crimson imp (D:10)
  A hound (D:9)
  An orc wizard (D:14)
  A centaur skeleton (D:10)
  2 worker ants
  A hound zombie (D:9)
  2 adders
  An ooze (D:14)
  4 orcs
  A bat (D:2)
  A giant cockroach (D:5)
  A quokka (D:8)
  2 kobolds (D:8)
  30 fungi
  6 plants
335 creatures vanquished.

Grand Total: 1251 creatures vanquished

Notes
Turn   | Place    | Note
-------+----------+-------------------------------------------
     0 | D:1      | grindst0ne the Troll Monk began the quest for the Orb.
     0 | D:1      | Reached XP level 1. HP: 22/22 MP: 0/0
   700 | D:2      | Reached XP level 2. HP: 29/29 MP: 1/1
   766 | D:2      | Reached skill level 4 in Unarmed Combat
   782 | D:2      | Reached XP level 3. HP: 36/36 MP: 2/2
  1332 | D:3      | Reached XP level 4. HP: 44/44 MP: 3/3
  1361 | D:3      | Reached skill level 5 in Unarmed Combat
  1626 | D:3      | Found a glowing golden altar of the Shining One.
  1626 | D:3      | Found a hide-covered altar of Uskayaw.
  1640 | D:3      | Found a shimmering altar of Xom.
  2255 | D:4      | Noticed Blork the orc
  2294 | D:4      | Noticed an ogre
  2308 | D:4      | Killed an ogre
  2308 | D:4      | Reached skill level 6 in Unarmed Combat
  2308 | D:4      | Reached XP level 5. HP: 20/50 MP: 2/4
  2451 | D:4      | Reached XP level 6. HP: 57/59 MP: 5/5
  2516 | D:4      | Found a basalt altar of Yredelemnul.
  2732 | D:4      | Found a deep blue altar of Sif Muna.
  2799 | D:4      | Gained mutation: You expend magic power (3 MP) to strengthen your wands. [potion of mutation]
  2799 | D:4      | Gained mutation: You are resistant to electric shocks. (rElec) [potion of mutation]
  2881 | D:4      | Reached skill level 7 in Unarmed Combat
  2999 | D:5      | Entered Level 5 of the Dungeon
  3165 | D:5      | Reached skill level 8 in Unarmed Combat
  3165 | D:5      | Reached XP level 7. HP: 27/66 MP: 1/6
  3555 | D:5      | Found a shimmering altar of Xom.
  3707 | D:5      | Reached skill level 9 in Unarmed Combat
  3983 | D:5      | Found an opulent altar of Gozag.
  3996 | D:5      | Lost mutation: You expend magic power (3 MP) to strengthen your wands. [potion of mutation]
  3996 | D:5      | Lost mutation: You are resistant to electric shocks. (rElec) [potion of mutation]
  3996 | D:5      | Gained mutation: You are partially covered in large bone plates. (SH +4) [potion of mutation]
  3996 | D:5      | Gained mutation: You are partially covered in rugged brown scales. (AC +1, +3% HP) [potion of mutation]
  3996 | D:5      | Gained mutation: You are agile. (Dex +2) [potion of mutation]
  4021 | D:5      | Reached skill level 1 in Armour
  4219 | D:6      | Reached XP level 8. HP: 41/76 MP: 4/7
  4324 | D:6      | Found a bloodstained altar of Trog.
  4324 | D:6      | Found an iron altar of Okawaru.
  4431 | D:6      | You fall through a shaft!
  4469 | D:7      | Reached skill level 5 in Armour
  4777 | D:6      | Found a staircase to the Ecumenical Temple.
  4819 | D:6      | Reached XP level 9. HP: 59/82 MP: 5/8
  4927 | D:6      | Reached skill level 5 in Dodging
  5481 | D:7      | Found Xulaamew's Weapon Shop.
  5698 | D:8      | Reached skill level 5 in Fighting
  5956 | D:8      | Noticed a queen bee
  5969 | D:8      | Killed a queen bee
  6257 | D:8      | Reached skill level 10 in Unarmed Combat
  6362 | D:8      | Reached XP level 10. HP: 100/100 MP: 9/9
  6397 | D:8      | Reached skill level 1 in Shields
  6660 | D:8      | Found Winueb's Armour Shoppe.
  6676 | D:8      | Bought a +0 cloak for 67 gold pieces
  8209 | D:9      | Reached skill level 5 in Shields
  8415 | D:10     | Entered Level 10 of the Dungeon
  8606 | D:10     | Found a staircase to the Lair.
  8666 | D:10     | Noticed an unseen horror
  8693 | D:10     | Killed an unseen horror
  9031 | D:10     | Noticed a black mamba
  9043 | D:10     | Killed a black mamba
  9149 | D:10     | Noticed a purple ugly thing
  9166 | D:10     | Killed a purple ugly thing
  9181 | D:10     | Reached XP level 11. HP: 108/108 MP: 10/10
  9219 | D:10     | Found a sparkling altar of Nemelex Xobeh.
  9246 | D:10     | Reached skill level 1 in Evocations
  9272 | D:10     | Noticed a deep elf mage
  9282 | D:10     | Killed a deep elf mage
  9300 | D:10     | Got a shimmering pewter ring
  9330 | D:10     | Identified the ring of Toviaf {rElec Int+5 SInv} (You found it on level 10 of the Dungeon)
  9531 | D:10     | Found Biacrierr's Book Shoppe.
  9935 | D:11     | Noticed a brown ugly thing
  9949 | D:11     | Killed a brown ugly thing
 10231 | D:11     | Noticed a wizard
 10232 | D:11     | Noticed a deep elf mage
 10239 | D:11     | Killed a wizard
 10239 | D:11     | Reached skill level 5 in Evocations
 10242 | D:11     | Noticed a deep elf mage
 10248 | D:11     | Killed a deep elf mage
 10251 | D:11     | Killed a deep elf mage
 10304 | D:11     | Noticed a deep elf mage
 10314 | D:11     | Killed a deep elf mage
 10426 | D:11     | Noticed a two-headed ogre
 10433 | D:11     | Killed a two-headed ogre
 10963 | Lair:1   | Entered Level 1 of the Lair of Beasts
 11047 | Lair:1   | Reached XP level 12. HP: 106/117 MP: 16/16
 11320 | Lair:1   | Noticed a five-headed hydra
 11375 | Lair:1   | Reached skill level 11 in Unarmed Combat
 11379 | Lair:1   | Killed a five-headed hydra
 12095 | Lair:2   | Reached skill level 12 in Unarmed Combat
 12649 | Lair:2   | Reached skill level 13 in Unarmed Combat
 13172 | Lair:3   | Found a hole to the Spider Nest.
 13356 | Lair:3   | You fall through a shaft for 3 floors!
 13356 | Lair:6   | Entered Level 6 of the Lair of Beasts
 13591 | Lair:6   | Reached skill level 14 in Unarmed Combat
 13870 | Lair:4   | Found a staircase to the Shoals.
 14203 | Lair:4   | Found a basalt altar of Yredelemnul.
 14225 | Lair:4   | Noticed Urug
 14236 | Lair:4   | Killed Urug
 14236 | Lair:4   | Reached XP level 13. HP: 113/123 MP: 17/17
 14684 | Lair:4   | Noticed an entropy weaver
 14702 | Lair:4   | Killed an entropy weaver
 14933 | Lair:4   | Noticed an entropy weaver
 14947 | Lair:4   | Killed an entropy weaver
 16078 | Lair:6   | Reached skill level 10 in Dodging
 16174 | Lair:6   | Found a staircase to the Slime Pits.
 16174 | Lair:6   | Found a viscous altar of Jiyva.
 16220 | Lair:6   | Became a worshipper of Jiyva Jioc the Shapeless
 16220 | Lair:6   | Reached * piety under Jiyva
 16220 | Lair:6   | Reached ** piety under Jiyva
 16790 | Lair:6   | Reached XP level 14. HP: 139/139 MP: 18/18
 16819 | Lair:6   | Reached *** piety under Jiyva
 16831 | Lair:6   | Lost mutation: You are agile. (Dex +2) [Jiyva's grace]
 17151 | Lair:4   | Reached **** piety under Jiyva
 17155 | Lair:4   | Gained mutation: You have a small jelly attached to you that may absorb incoming projectiles. [Jiyva's grace]
 17529 | Lair:3   | Gained mutation: You are resistant to hostile enchantments. (MR+) [Jiyva's grace]
 18439 | D:10     | Lost mutation: You are partially covered in rugged brown scales. (AC +1, +3% HP) [Jiyva's grace]
 18744 | D:10     | Reached ***** piety under Jiyva
 18753 | D:10     | Lost mutation: You have a small jelly attached to you that may absorb incoming projectiles. [Jiyva's grace]
 20527 | D:9      | Gained mutation: You are resistant to electric shocks. (rElec) [Jiyva's grace]
 24231 | D:6      | Gained mutation: You possess an exceptional clarity of mind. [Jiyva's grace]
 26971 | Lair:6   | Identified Meugemm's Volume of Mutagenic Ignition
 27013 | Lair:6   | Gained mutation: Your mind is acute. (Int +2) [Jiyva's grace]
 27920 | Lair:2   | Reached skill level 10 in Fighting
 27996 | D:12     | Found Tawotaeth's Jewellery Shop.
 28334 | D:12     | Found a staircase to the Orcish Mines.
 28757 | D:13     | Found a labyrinth entrance.
 28765 | Lab      | Entered a labyrinth
 29308 | D:13     | Reached skill level 15 in Unarmed Combat
 29462 | D:13     | Gained mutation: You are robust. (+10% HP) [Jiyva's grace]
 29482 | D:13     | Found a gate to the Vaults.
 29482 | D:13     | Reached ****** piety under Jiyva
 29488 | D:13     | Gained mutation: You are partially covered in iridescent scales. (AC +2) [Jiyva's grace]
 29526 | D:13     | Noticed Josephine
 29538 | D:13     | Killed Josephine
 29614 | D:13     | Noticed Azrael
 29651 | D:13     | Killed Azrael
 29715 | D:13     | Lost mutation: You are resistant to hostile enchantments. (MR+) [Jiyva's grace]
 29807 | D:13     | Reached skill level 16 in Unarmed Combat
 29807 | D:13     | Reached XP level 15. HP: 155/163 MP: 19/19
 29978 | D:13     | Noticed Erolcha
 29988 | D:13     | Killed Erolcha
 30119 | D:13     | Found an opulent altar of Gozag.
 30330 | D:13     | Lost mutation: You are partially covered in large bone plates. (SH +4) [mutagenic meat]
 30331 | D:13     | Gained mutation: You are weak. (Str -2) [mutagenic meat]
 30335 | D:13     | Gained mutation: Your mind is very acute. (Int +4) [mutagenic meat]
 30392 | D:14     | Lost mutation: You are robust. (+10% HP) [mutagenic meat]
 30394 | D:14     | Gained mutation: Your flesh is heat resistant. (rF+) [mutagenic meat]
 30395 | D:14     | Lost mutation: Your flesh is heat resistant. (rF+) [mutagenic meat]
 30396 | D:14     | Lost mutation: You possess an exceptional clarity of mind. [mutagenic meat]
 30397 | D:14     | Gained mutation: You are very weak. (Str -4) [mutagenic meat]
 30399 | D:14     | Lost mutation: You are very weak. (Str -4) [Jiyva's power]
 30400 | D:14     | Lost mutation: You are weak. (Str -2) [Jiyva's power]
 30613 | D:14     | Lost mutation: Your mind is very acute. (Int +4) [Jiyva's grace]
 30739 | D:14     | Noticed herpmino's ghost (journeyman MiGl)
 30896 | D:14     | Killed herpmino's ghost
 31065 | D:14     | Reached skill level 17 in Unarmed Combat
 31492 | D:14     | Lost mutation: You are resistant to electric shocks. (rElec) [Jiyva's grace]
 31854 | D:15     | Entered Level 15 of the Dungeon
 31895 | D:14     | Gained mutation: You have an increased reservoir of magic. (+10% MP) [Jiyva's grace]
 32831 | D:14     | Gained mutation: Armour fits poorly on your pseudopods. [Jiyva's grace]
 33284 | Orc:1    | Entered Level 1 of the Orcish Mines
 33425 | Orc:2    | Entered Level 2 of the Orcish Mines
 33425 | Orc:2    | Found Foabb's General Store.
 33425 | Orc:2    | Noticed Snorg
 33434 | Orc:2    | Slimified Snorg
 33434 | Orc:2    | Noticed Snorg
 33434 | Orc:2    | Snorg changed into Snorg the slime creature
 33438 | Orc:2    | Killed Snorg the slime creature
 33544 | Orc:1    | Gained mutation: You have acidic saliva. [Jiyva's grace]
 33700 | Orc:2    | Reached skill level 18 in Unarmed Combat
 33707 | Orc:2    | Bought 3 scrolls of enchant armour for 270 gold pieces
 33712 | Orc:2    | Found Efum's Jewellery Shop.
 33754 | Orc:2    | Gained mutation: You have a pair of small horns on your head. [Jiyva's grace]
 33767 | Orc:2    | Bought an uncursed amulet of faith for 640 gold pieces
 33770 | Orc:2    | Gained mutation: You have a small jelly attached to you that senses nearby items. [Jiyva's grace]
 33787 | Orc:2    | Found Jeckoko's General Store.
 33796 | Orc:2    | Bought a scroll of identify for 32 gold pieces
 33796 | Orc:2    | Bought a potion of heal wounds for 80 gold pieces
 33796 | Orc:2    | Bought a potion of haste for 160 gold pieces
 33796 | Orc:2    | Bought a potion of heal wounds for 80 gold pieces
 33796 | Orc:2    | Bought a scroll of fear for 56 gold pieces
 33796 | Orc:2    | Bought a potion of curing for 48 gold pieces
 33809 | Orc:2    | Found Dubo's Antique Weapon Shop.
 33833 | Orc:2    | Noticed an orc warlord
 33839 | Orc:2    | Gained mutation: You are resistant to hostile enchantments. (MR+) [Jiyva's grace]
 33854 | Orc:2    | Killed an orc warlord
 33955 | Orc:2    | Lost mutation: You have acidic saliva. [Jiyva's grace]
 33982 | Orc:2    | Found Ykujy's Antique Armour Boutique.
 34087 | Orc:2    | Gained mutation: You are somewhat resistant to further mutation. [Jiyva's grace]
 34095 | Orc:2    | Found a staircase to the Elven Halls.
 34577 | Slime:1  | Entered Level 1 of the Pits of Slime
 34579 | Slime:1  | Noticed an azure jelly
 34653 | Slime:1  | Noticed an acid blob
 34656 | Slime:1  | Noticed an acid blob
 34673 | Slime:1  | Killed an acid blob
 34674 | Slime:1  | Killed an acid blob
 34686 | Slime:1  | Noticed an azure jelly
 34700 | Slime:2  | Noticed an acid blob
 34714 | Slime:4  | Noticed an acid blob
 34714 | Slime:4  | Noticed an acid blob
 34723 | Slime:5  | Entered Level 5 of the Pits of Slime
 34727 | Slime:5  | Noticed an acid blob
 34734 | Slime:5  | Noticed an acid blob
 34734 | Slime:5  | Gained mutation: You are mostly covered in iridescent scales. (AC +4) [Jiyva's grace]
 34735 | Slime:5  | Noticed an acid blob
 34735 | Slime:5  | Found a viscous altar of Jiyva.
 34736 | Slime:5  | Noticed an acid blob
 34737 | Slime:5  | Noticed an acid blob
 34737 | Slime:5  | Noticed the Royal Jelly
 34738 | Slime:5  | Gained mutation: Your rubbery body absorbs attacks. (AC +1, EV +1) [Jiyva's grace]
 34742 | Slime:5  | Got a fine copper ring
 34742 | Slime:5  | Lost mutation: Armour fits poorly on your pseudopods. [Jiyva's grace]
 34745 | Slime:5  | Gained mutation: You have acidic saliva. [Jiyva's grace]
 34751 | Slime:5  | Gained mutation: You are highly resistant to hostile enchantments. (MR++) [Jiyva's grace]
 34760 | Slime:5  | Got a pitted crystal amulet
 34762 | Slime:5  | Got a slimy rune of Zot
 34784 | Slime:5  | Identified the ring of Truth {Wiz +Fly rPois Str+2 Dex+3} (You found it on level 5 of the Pits of Slime)
 34786 | Slime:5  | Identified the amulet "Utiunlipra" {Harm *Drain rC+ Dex+2} (You found it on level 5 of the Pits of Slime)
 34840 | Slime:2  | Noticed an acid blob
 34970 | Spider:1 | Entered Level 1 of the Spider Nest
 35032 | Lair:3   | Gained mutation: You possess an exceptional clarity of mind. [Jiyva's grace]
 35336 | Spider:1 | Lost mutation: You possess an exceptional clarity of mind. [Jiyva's grace]
 35409 | Spider:1 | Lost mutation: Your mind is acute. (Int +2) [Jiyva's grace]
 35455 | Spider:1 | Reached XP level 16. HP: 122/158 MP: 22/22
 35855 | Spider:1 | Reached skill level 19 in Unarmed Combat
 36243 | Spider:1 | Lost mutation: You are mostly covered in iridescent scales. (AC +4) [Jiyva's grace]
 37205 | Spider:2 | Gained mutation: You are dopey. (Int -2) [Jiyva's grace]
 37935 | Lair:3   | Reached skill level 20 in Unarmed Combat
 38103 | Spider:2 | Lost mutation: You have an increased reservoir of magic. (+10% MP) [Jiyva's grace]
 39283 | Spider:1 | Lost mutation: You are somewhat resistant to further mutation. [Jiyva's grace]
 39481 | Spider:3 | Noticed Aizul
 39511 | Spider:2 | Killed Aizul
 39654 | Spider:3 | Lost mutation: You are highly resistant to hostile enchantments. (MR++) [Jiyva's grace]
 39687 | Spider:3 | Noticed Bai Suzhen
 39793 | Spider:3 | Lost mutation: You are dopey. (Int -2) [Jiyva's grace]
 40184 | Spider:3 | Gained mutation: Your spells are a little harder to cast, but a little more powerful. [Jiyva's grace]
 40529 | Spider:3 | Lost mutation: Your rubbery body absorbs attacks. (AC +1, EV +1) [Jiyva's grace]
 41191 | Spider:3 | HP: 7/163 [Bai Suzhen (6)]
 41192 | Spider:3 | Killed from afar by Bai Suzhen

Skill      XL: |  1  2  3  4  5  6  7  8  9 10 11 12 13 14 15 16 |
---------------+-------------------------------------------------+-----
Unarmed Combat | 4 6 8 9 10 14 16 18 20 | 20.4
Armour         | 3 5 |  5.2
Dodging        | 4 5 10 | 10.0
Fighting       | 6 7 10 11 | 11.4
Shields        | 7 |  7.7
Evocations     | 7 |  7.1
Stealth        | |  1.0

Action                   |  1- 3 |  4- 6 |  7- 9 | 10-12 | 13-15 | 16-18 || total
-------------------------+-------+-------+-------+-------+-------+-------++-------
Melee: Unarmed           |    81 |   116 |   318 |   818 |  1894 |   763 ||  3990
       Punch             |       |     4 |    15 |    18 |       |       ||    37
       Pseudopods        |       |       |       |       |    97 |       ||    97
       Headbutt          |       |       |       |       |    76 |   266 ||   342
       Bite              |       |       |       |       |    65 |   162 ||   227
Invok: Request Jelly     |       |       |       |       |    16 |     1 ||    17
       Cure Bad Mutation |       |       |       |       |     3 |       ||     3
       Slimify           |       |       |       |       |     2 |       ||     2
 Abil: Evoke Flight      |       |       |       |       |     1 |     2 ||     3
Evoke: Wand              |       |       |       |    11 |    55 |    13 ||    79
       Lightning rod     |       |       |       |       |     7 |     1 ||     8
       Phial of floods   |       |       |       |       |     3 |     1 ||     4
  Use: Scroll            |       |    12 |     5 |    14 |    14 |     7 ||    52
       Potion            |       |     4 |     5 |     7 |    16 |     4 ||    36
 Stab: Sleeping          |     5 |     6 |    10 |    19 |     6 |     1 ||    47
       Distracted        |       |       |     1 |     1 |     5 |     2 ||     9
       Invisible         |       |       |       |       |     2 |       ||     2
  Eat: Chunk             |     9 |    23 |    28 |    81 |   109 |    26 ||   276
       Royal jelly       |       |       |       |     1 |     4 |       ||     5
       Meat ration       |       |       |       |       |     3 |       ||     3
       Bread ration      |       |       |       |       |     2 |       ||     2
       Fruit             |       |       |       |       |     2 |       ||     2
Armor: Robe              |    35 |    19 |    62 |    71 |       |       ||   187
       Skin              |       |       |       |     5 |    10 |       ||    15
       Troll leather arm |       |       |       |    84 |    54 |       ||   138
       Steam dragon scal |       |       |       |       |   213 |   228 ||   441
Dodge: Dodged            |    58 |    58 |   170 |   271 |  1057 |   915 ||  2529
Block: Other             |       |       |    52 |    31 |       |       ||    83
       Shield            |       |       |       |   385 |  1231 |   561 ||  2177
